 Dungeon Crawl Stone Soup version 0.29-a0-473-gacb4ef3bc5 (webtiles) character file.

Game seed: 6442223500844543601

63 vnklnr the Vexing (level 3, -5/16 HPs)
             Began as a Spriggan Enchanter on May 23, 2022.
             Slain by a meliai (shapeshifter) (12 damage)
             ... on level 2 of the Dungeon.
             The game lasted 00:06:10 (2461 turns).

vnklnr the Vexing (Spriggan Enchanter)              Turns: 2461, Time: 00:06:11

Health: -5/16      AC:  2    Str:  6    XL:     3   Next: 87%
Magic:  1/18       EV: 17    Int: 16    God:
Gold:   108        SH:  0    Dex: 15    Spells: 8/10 levels left

rFire   . . .      SeeInvis +   g - +0 dagger (speed)
rCold   . . .      Faith    .   (no shield)
rNeg    . . .      Spirit   .   b - +0 robe
rPois   .          Reflect  .   (helmet restricted)
rElec   .          Harm     .   (no cloak)
rCorr   .          Rampage  .   (gloves unavailable)
Will    .....                   (boots unavailable)
Stlth   +++.......              (no amulet)
HPRegen 0.05/turn               i - ring of magical power
MPRegen 0.16/turn               (no ring)

@: very quick
A: very small, no large weapons, unfitting armour, see invisible, speed 3
a: no special abilities


You were on level 2 of the Dungeon.
You visited 1 branch of the dungeon, and saw 2 of its levels.

You collected 108 gold pieces.

Inventory:

Hand Weapons
 a - a +1 dagger of chaos
 g - a +0 dagger of speed (weapon)
Armour
 b - a +0 robe (worn)
Jewellery
 i - a ring of magical power (left hand)
Wands
 e - a wand of iceblast (6)
Scrolls
 d - 2 scrolls of enchant weapon {unknown}
 f - 3 scrolls of immolation
 m - a scroll of poison {unknown}
 n - a scroll of teleportation {unknown}
 o - a scroll of magic mapping {unknown}
Potions
 c - a potion of invisibility
 h - a potion of magic
 j - 3 potions of curing
 k - 2 potions of heal wounds
 l - a potion of haste


   Skills:
 - Level 1.1 Short Blades
 - Level 2.6 Dodging
 - Level 4.4 Stealth
 + Level 4.1 Spellcasting
 + Level 4.9 Hexes


You had 8 spell levels left.
You knew the following spells:

 Your Spells              Type           Power      Damage    Failure   Level
a - Ensorcelled Hibernat  Hex/Ice        22%        N/A       10%         2

Your spell library contained the following spells:

 Spells                   Type           Power      Damage    Failure   Level
 Confusing Touch          Hex            19%        N/A       7%          3
 Tukima's Dance           Hex            19%        N/A       7%          3
 Apportation              Tloc           6%         N/A       17%         1
 Magic Dart               Conj           12%        1d3       17%         1
 Necrotize                Necr           12%        1d4       17%         1
 Summon Small Mammal      Summ           12%        N/A       17%         1
 Dazzling Flash           Conj/Hex       22%        N/A       19%         3
 Call Imp                 Summ           3%         N/A       26%         2
 Mephitic Cloud           Conj/Pois/Air  3%         N/A       45%         3
 Borgnjor's Revivificati  Necr           1%         N/A       100%        8
 Necromutation            Tmut/Necr      1%         N/A       100%        8
 Death's Door             Necr           1%         N/A       100%        9


Dungeon Overview and Level Annotations

Branches:
Dungeon (2/15)

Altars:

Shops:
D:1 =


Innate Abilities, Weirdness & Mutations

You are very small and have problems with some larger weapons.
You are too small for most types of armour.
You have supernaturally acute eyesight. (SInv)
You cover ground extremely quickly. (Speed+++)


Message History

Confirm with . or Enter, or press ? or * to list all spells.
Aiming: Ensorcelled Hibernation (safe; 10% risk of failure)
Press: ? - help, Shift-Dir - straight line, f/p - tarantella
Aim: a tarantella (chance to affect: 45%)
The tarantella resists with some effort.
The tarantella closely misses you.
Unknown command.
Casting: Ensorcelled Hibernation (safe; 10% risk of failure)
Confirm with . or Enter, or press ? or * to list all spells.
Aiming: Ensorcelled Hibernation (safe; 10% risk of failure)
Press: ? - help, Shift-Dir - straight line, f/p - tarantella
Aim: a tarantella (chance to affect: 45%)
The tarantella resists with some effort.
The tarantella closely misses you. x2
Unknown command.
Casting: Ensorcelled Hibernation (safe; 10% risk of failure)
Confirm with . or Enter, or press ? or * to list all spells.
Aiming: Ensorcelled Hibernation (safe; 10% risk of failure)
Press: ? - help, Shift-Dir - straight line, f/p - tarantella
Aim: a tarantella (chance to affect: 45%)
The tarantella resists with some effort.
The tarantella touches you!
Ouch! That really hurt!
Unknown command.
Casting: Ensorcelled Hibernation (safe; 10% risk of failure)
Confirm with . or Enter, or press ? or * to list all spells.
Aiming: Ensorcelled Hibernation (safe; 10% risk of failure)
Press: ? - help, Shift-Dir - straight line, f/p - tarantella
Aim: a tarantella (chance to affect: 45%)
The tarantella resists with some effort.
The tarantella changes into a meliai!
Unknown command.
Casting: Ensorcelled Hibernation (safe; 10% risk of failure)
Confirm with . or Enter, or press ? or * to list all spells.
Aiming: Ensorcelled Hibernation (safe; 10% risk of failure)
Press: ? - help, Shift-Dir - straight line, f/p - meliai
Aim: a meliai shaped shifter (chance to affect: 45%)
The meliai resists with some effort.
The meliai hits you!
Ouch! That really hurt!
You die...

# #..##.##....##.##.# #.#
# #..#..#......#..#.##
#.# #
#..#..#.(##..#..#..# #.#
# ##.#..#..##..#..#..#
#.# #
#.#..#......#..#.Z#####.#
#.##.##....##.##..h.....#
#..#..######..#..########
##.##......y..#.##
#..###...@.....#
##...###......##
#########.#.........##
....................#
.########.###########
#########.# .....(....#
###########


You could see a meliai shaped shifter.

Vanquished Creatures
  2 adders (D:2)
  2 dart slugs (D:1)
  An orc (D:2)
  3 ball pythons
  4 endoplasms
  2 giant cockroaches (D:1)
  2 jackals (D:2)
  4 quokkas
  3 bats
  6 goblins
  6 kobolds
  A rat (D:2)
36 creatures vanquished.

Vanquished Creatures (others)
  A ball python zombie (D:2)
1 creature vanquished.

Grand Total: 37 creatures vanquished

Notes
Turn   | Place    | Note
-------+----------+-------------------------------------------
     0 | D:1      | vnklnr the Spriggan Enchanter began the quest for the Orb.
     0 | D:1      | Reached XP level 1. HP: 9/9 MP: 5/5
   329 | D:1      | Found a faded altar of an unknown god.
   353 | D:1      | Reached XP level 2. HP: 4/13 MP: 7/7
   577 | D:1      | Learned a level 2 spell: Ensorcelled Hibernation
  1059 | D:1      | Found Cuese's Jewellery Boutique.
  1604 | D:2      | Noticed a shapeshifter
  1604 | D:2      | a worm changed into a shapeshifter
  1605 | D:2      | Noticed a fire crab
  1605 | D:2      | a shapeshifter changed into a fire crab
  1626 | D:2      | Reached XP level 3. HP: 6/16 MP: 9/9
  2358 | D:2      | Noticed a polar bear
  2398 | D:2      | Noticed a salamander
  2452 | D:2      | Noticed a tarantella
  2460 | D:2      | Noticed a meliai
  2460 | D:2      | a tarantella changed into a meliai
  2461 | D:2      | Slain by a meliai (shapeshifter)

Illustrated notes

Levels and vault maps discovered:
D:1:      sevenhm_arrival_forest_fort_large_2, layout_basic,
          ebering_ecumenical_altar_ruins, serial_shops,
          nicolae_shop_behind_doors
D:2:      layout_loops_ring, corexii_shack, minmay_randomly_rotated_circles

Skill      XL: |  1  2  3 |
---------------+----------+-----
Spellcasting   | 3 4 |  4.1
Hexes          | 4 |  4.9
Short Blades   | |  1.1
Dodging        | |  2.6
Stealth        | |  4.4

Action                   || total
-------------------------++-------
Melee: Dagger            ||    85
       Punch             ||     1
 Cast: Ensorcelled Hiber ||    20
  Use: Scroll            ||     8
       Potion            ||     2
 Stab: Sleeping          ||    17
       Invisible         ||     1
Armor: Robe              ||     7
Dodge: Dodged            ||    87

Table legend: (Time is in decaauts)
 A = Elapsed time spent in this place.
 B = Non-inter-level travel time spent in this place.
 C = Inter-level travel time spent in this place.
 D = Time resting spent in this place.
 E = Time spent auto-exploring this place.
 F = Levels seen in this place.
 G = Mean time per level.
                   A        B        C        D        E       F      G
               +--------+--------+--------+--------+--------+-----+--------+
         Total |   1916 |   1889 |     27 |    181 |   1407 |   2 |  958.0 |
       Dungeon |   1916 |   1889 |     27 |    181 |   1407 |   2 |  958.0 |
               +--------+--------+--------+--------+--------+-----+--------+

Top non-repeatable levels by time:
     D:2: 969 daAuts
     D:1: 946 daAuts
